 Dungeon Crawl Stone Soup version 0.30-a0-154-gb106f4c828 (webtiles) character file.

Game seed: 16862995796630483209

328 Ghostare the Slasher (level 6, -3/53 HPs)
             Began as a Hill Orc Chaos Knight on Sept 27, 2022.
             Was a Plaything of Xom.
             Slain by an orc
             ... wielding a +0 flail
              (5 damage)
             ... on level 5 of the Dungeon.
             The game lasted 00:34:24 (4893 turns).

Ghostare the Slasher (Hill Orc Chaos Knight)        Turns: 4893, Time: 00:34:24

Health: -3/53      AC: 15    Str: 14 (17) XL:     6   Next: 50%
Magic:  6/6        EV:  4    Int: 11 (12) God:    Xom [....*.]
Gold:   167        SH:  0    Dex:  8 (10) Spells: 5/5 levels left

rFire   . . .      SeeInvis .    k - +0 scimitar
rCold   . . .      Faith    .    (no shield)
rNeg    . . .      Spirit   .    p - +0 plate armour
rPois   .          Reflect  .    i - +0 helmet
rElec   .          Harm     .    (no cloak)
rCorr   .          Rampage  .    (no gloves)
Will    .....      Clarity  +    (no boots)
Stlth   ..........               (no amulet)
HPRegen 0.17/turn                (no ring)
MPRegen 0.10/turn                (no ring)

@: marked
A: iridescent scales 1, clarity, evolution 1
a: Renounce Religion


You were on level 5 of the Dungeon.
You worshipped Xom.
You were a beloved toy of Xom.
You visited 1 branch of the dungeon, and saw 5 of its levels.

You collected 259 gold pieces.
You spent 92 gold pieces at shops.

Inventory:

Hand Weapons
 a - a +0 falchion of chaos
 b - a +0 mace
 k - a +0 scimitar (weapon)
Armour
 e - a +0 scale mail
 i - a +0 helmet (worn)
 p - a +0 plate armour (worn)
Jewellery
 o - a ring of ice
 q - an amulet of faith
Scrolls
 d - 3 scrolls of identify
 f - a scroll of enchant armour {unknown}
 h - a scroll of magic mapping
 j - 2 scrolls of teleportation {unknown}
 m - a scroll of poison {unknown}
 n - a scroll of immolation {unknown}
 s - a scroll of brand weapon {unknown}
 t - a scroll of noise {unknown}
 u - a scroll of enchant weapon {unknown}
Potions
 g - a potion of attraction
 r - a potion of invisibility {unknown}
Miscellaneous
 c - a piece from Xom's chessboard (12/15) (quivered)


   Skills:
 + Level 4.5 Fighting
 + Level 5.5 Long Blades
 + Level 4.4 Armour
 + Level 2.0 Dodging
 + Level 0.1 Evocations


You had 5 spell levels left.
You didn't know any spells.
Your spell library contained the following spells:

 Spells                   Type           Power      Damage    Failure   Level
 Apportation              Tloc           0%         N/A       100%        1
 Slow                     Hex            0%         N/A       100%        1
 Confusing Touch          Hex            0%         N/A       100%        3
 Vampiric Draining        Necr           0%         2d6       100%        3
 Petrify                  Tmut/Erth      0%         N/A       100%        4
 Alistair's Intoxication  Tmut/Pois      0%         N/A       100%        5
 Metabolic Englaciation   Hex/Ice        0%         N/A       100%        5
 Statue Form              Tmut/Erth      0%         N/A       100%        6


Dungeon Overview and Level Annotations

Branches:
Dungeon (5/15)             Temple (0/1) D:4

Altars:
Gozag
Okawaru
Ru
The Shining One

Shops:
D:1 (

Annotations:
D:4 Eustachio, Sigmund


Innate Abilities, Weirdness & Mutations

You are partially covered in iridescent scales. (AC +2)
You possess an exceptional clarity of mind.
You have hidden genetic potential.


Message History

The orc hits you with a +0 mace.
You slash the orc!
You kill the orc!
Your Dodging skill increases to level 2!
You closely miss the orc. The orc hits you with a +0 mace.
You hit the orc.
The orc is severely wounded.
The orc hits you but does no damage.
You hit the orc but do no damage.
The orc is severely wounded.
The orc hits you but does no damage. x2
You barely miss the orc.
The orc is severely wounded.
The orc hits you but does no damage.
You barely miss the orc.
The orc is severely wounded.
The orc hits you but does no damage. The orc hits you with a +0 mace.
* * * LOW HITPOINT WARNING * * *
You completely miss the orc.
The orc is severely wounded.
The orc barely misses you. x2; The orc hits you but does no damage. x3
The orc hits you with a +0 mace.
* * * LOW HITPOINT WARNING * * *
It was a potion of degeneration.
There was something very wrong with that liquid.
You feel weakened.
You feel dopey.
You feel clumsy. The orc hits you with a +0 flail.
* * * LOW HITPOINT WARNING * * *
The orc hits you but does no damage. The orc barely misses you.
You barely miss the orc. The orc hits you but does no damage. x3
You barely miss the orc.
The orc is severely wounded.
The orc hits you but does no damage. x3
You slash the orc!
You kill the orc!
The orc hits you but does no damage. x2
You hit the orc.
The orc is heavily wounded.
The orc hits you with a +0 flail.
You die...

#......#
#####......#
...........######
................#
................###
...................
...................
....###'###oo......
. #.....#@o......
#..oo.######...
#......# ..
#.o.o..# # #....o.#
#...o.## #.....#
......# #.......


You could see 3 orcs.

Vanquished Creatures
  A black bear (D:3)
  A phantom (D:4)
  Terence (D:2)
  5 adders
  A white imp (D:4)
  3 worms
  A dart slug (D:3)
  7 orcs
  3 ball pythons
  7 bats
  3 endoplasms
  2 giant cockroaches
  5 goblins
  5 hobgoblins
  8 jackals (D:1)
  6 kobolds
  4 quokkas
  2 frilled lizards (D:3)
  2 hobgoblin zombies (D:4)
  A kobold skeleton (D:4)
  A kobold zombie (D:4)
  2 orc skeletons (D:4)
  3 orc zombies (D:4)
  5 rats
79 creatures vanquished.

Vanquished Creatures (others)
  2 endoplasms (D:3)
2 creatures vanquished.

Grand Total: 81 creatures vanquished

Notes
Turn   | Place    | Note
-------+----------+-------------------------------------------
     0 | D:1      | Ghostare the Hill Orc Chaos Knight began the quest for the
                  | Orb.
     0 | D:1      | Reached XP level 1. HP: 19/19 MP: 1/1
   107 | D:1      | XOM: silly message
   245 | D:1      | Reached XP level 2. HP: 27/27 MP: 2/2
   296 | D:1      | Found a faded altar of an unknown god.
   549 | D:1      | Reached skill level 1 in Dodging
   552 | D:1      | Found Symugael's Antique Weapon Shoppe.
   631 | D:1      | Reached skill level 4 in Long Blades
   648 | D:1      | Reached XP level 3. HP: 18/33 MP: 3/3
   658 | D:1      | XOM: divination: detect creatures
  1155 | D:1      | XOM: divination: detect items
  1298 | D:2      | XOM: cast spell 'Leda's Liquefaction'
  1718 | D:3      | Noticed a black bear
  1728 | D:3      | XOM: noise
  1739 | D:3      | Killed a black bear
  1740 | D:3      | Reached XP level 4. HP: 13/40 MP: 4/4
  1740 | D:3      | Reached XP level 5. HP: 15/46 MP: 5/5
  1988 | D:3      | XOM: god gift: 36 gold pieces
  2365 | D:3      | XOM: god gift: scroll labelled GAERHICOIBB {god gift}
  2404 | D:3      | Found an opulent altar of Gozag.
  2435 | D:3      | XOM: potion effect (berserk rage)
  2440 | D:3      | Found a large runed translucent door.
  2448 | D:3      | Found a large runed translucent door.
  2459 | D:3      | Found an iron altar of Okawaru.
  2468 | D:3      | Found a sacrificial altar of Ru.
  2638 | D:3      | XOM: silly message
  3096 | D:1      | Bought a scimitar for 92 gold pieces
  3131 | D:1      | XOM: noise
  3163 | D:2      | Noticed Terence
  3172 | D:2      | Killed Terence
  3779 | D:4      | Noticed Sigmund
  3781 | D:4      | XOM: swap monsters
  3785 | D:4      | XOM: noise
  3898 | D:4      | Reached skill level 5 in Long Blades
  3898 | D:4      | Reached XP level 6. HP: 50/53 MP: 6/6
  3913 | D:4      | XOM: summons 3 hostile shadow creatures
  3926 | D:4      | XOM: torment (25/53 hp)
  3928 | D:4      | Found a staircase to the Ecumenical Temple.
  4023 | D:4      | XOM: stat loss: -1 Int (11/12)
  4234 | D:4      | Found a glowing golden altar of the Shining One.
  4250 | D:4      | XOM: summons 1 hostile demon
  4708 | D:4      | Noticed Eustachio
  4708 | D:4      | XOM: destruction
  4722 | D:4      | XOM: give mutations
  4722 | D:4      | Gained mutation: You are somewhat resistant to further
                  | mutation. [Xom's grace]
  4722 | D:4      | Lost mutation: You are somewhat resistant to further
                  | mutation. [Xom's grace]
  4722 | D:4      | Gained mutation: You have hidden genetic potential. [Xom's
                  | grace]
  4722 | D:4      | Gained mutation: You are partially covered in iridescent
                  | scales. (AC +2) [Xom's grace]
  4722 | D:4      | Gained mutation: You possess an exceptional clarity of
                  | mind. [Xom's grace]
  4741 | D:4      | XOM: god gift: 7 stones
  4798 | D:4      | XOM: enchant monster (good)
  4802 | D:4      | XOM: polymorph river rat -> orc
  4824 | D:4      | XOM: confuse monster(s)
  4831 | D:4      | XOM: cast spell 'Dispersal'
  4869 | D:5      | Entered Level 5 of the Dungeon
  4889 | D:5      | HP: 2/53 [orc/+0 flail (6)]
  4893 | D:5      | Slain by an orc

Illustrated notes

Levels and vault maps discovered:
D:1:      amcnicky_arrival_abandoned_market, layout_basic,
          hellmonk_ecumenical_altar_prayer_group, serial_shops, shop
D:2:      layout_basic, uniq_terence
D:3:      layout_loops_ring, jmf_multi_god_temple2,
          nicolae_gozag_cash_rules_everything_around_me, minmay_diced_spiral
D:4:      layout_loops_cross, nicolae_tso_besieged_by_evil,
          minmay_temple_entry_fiery, uniq_sigmund, uniq_eustachio
D:5:      layout_gridville, biasface_ghost_orc_armoury, grunt_tough_drop,
          uniq_blork_the_orc

Skill      XL: |  1  2  3  4  5  6 |
---------------+-------------------+-----
Dodging        | 1 2 |  2.0
Fighting       | 4 |  4.5
Long Blades    | 4 5 |  5.5
Armour         | 3 4 |  4.4
Evocations     | |  0.1

Action                   |  1- 3 |  4- 6 || total
-------------------------+-------+-------++-------
Melee: Falchion          |   145 |    51 ||   196
       Punch             |     2 |     2 ||     4
       Scimitar          |       |   152 ||   152
Evoke: Piece from Xom's  |     1 |     3 ||     4
  Use: Potion            |     2 |     3 ||     5
       Scroll            |       |     4 ||     4
Armor: Leather armour    |    23 |       ||    23
       Scale mail        |   115 |    33 ||   148
       Plate armour      |       |   264 ||   264
       Skin              |       |    17 ||    17
Dodge: Dodged            |   111 |   172 ||   283

Table legend: (Time is in decaauts)
 A = Elapsed time spent in this place.
 B = Non-inter-level travel time spent in this place.
 C = Inter-level travel time spent in this place.
 D = Time resting spent in this place.
 E = Time spent auto-exploring this place.
 F = Levels seen in this place.
 G = Mean time per level.
                   A        B        C        D        E       F      G
               +--------+--------+--------+--------+--------+-----+--------+
         Total |   4936 |   4308 |    628 |   1204 |   1118 |   5 |  987.2 |
       Dungeon |   4936 |   4308 |    628 |   1204 |   1118 |   5 |  987.2 |
               +--------+--------+--------+--------+--------+-----+--------+

Top non-repeatable levels by time:
     D:3: 1374 daAuts
     D:1: 1311 daAuts
     D:4: 1188 daAuts
     D:2: 1036 daAuts
     D:5: 25 daAuts
